 Dungeon Crawl Stone Soup version 0.29.1-15-g9cfb28693d (webtiles) character file.

Game seed: 3997938903754592709

64174 nightchill the Bludgeoner (level 15, -31/104 HPs)
             Began as a Gargoyle Fighter on Apr 3, 2023.
             Was an Initiate of Gozag.
             Annihilated by an ettin
             ... wielding a +0 dire flail
              (36 damage)
             ... on level 14 of the Dungeon on Apr 4, 2023.
             The game lasted 01:22:47 (38676 turns).

nightchill the Bludgeoner (Gargoyle Fighter)       Turns: 38676, Time: 01:22:47

Health: -31/104    AC: 20    Str: 21    XL:     15   Next: 12%
Magic:  24/24      EV: 13    Int: 15    God:    Gozag
Gold:   1265       SH:  7    Dex:  9    Spells: 13/26 levels left

rFire   + . .      SeeInvis .   U - +8 morningstar (flame)
rCold   . . .      Faith    .   f - +0 kite shield
rNeg    + + .      Spirit   .   X - +2 leather armour {rN+}
rPois   ∞          Reflect  .   Z - +2 hat
rElec   +          Harm     .   q - +0 cloak
rCorr   .          Rampage  .   m - +0 pair of gloves
Will    +....                   (no boots)
Stlth   +.........              (no amulet)
HPRegen 0.27/turn               W - ring of protection from fire
MPRegen 0.19/turn               C - +4 ring of evasion

@: gold aura, flying
A: sickness immunity, AC +11, big wings, negative energy resistance 1,
electricity resistance, torment resistance 1, petrification resistance
a: Renounce Religion, Potion Petition, Call Merchant, Bribe Branch


You were on level 14 of the Dungeon.
You worshipped Gozag.
Gozag was most pleased with you.
You visited 4 branches of the dungeon, and saw 21 of its levels.
You visited the Abyss 1 time.

You collected 6585 gold pieces.
You spent 494 gold pieces at shops.
You paid 4826 gold pieces to Gozag.

Inventory:

Hand Weapons
 a - a +0 flail of freezing
 l - a +0 morningstar
 o - the +6 dagger of the Pharaoh's Fist {elec, rElec Str+4}
   (You took it off a centaur on level 1 of the Orcish Mines)

   It occasionally discharges a powerful burst of electricity upon striking a
   foe.
   Str:       It affects your strength (+4).
   rElec:     It insulates you from electricity.
 I - a +2 flail of protection
 U - a +8 morningstar of flaming (weapon)
Armour
 f - a +0 kite shield (worn)
 m - a +0 pair of gloves (worn)
 q - a +0 cloak (worn)
 X - a +2 leather armour of positive energy (worn)
 Z - a +2 hat (worn)
Magical Staves
 r - a staff of poison
 R - a staff of conjuration
Jewellery
 e - a ring of magical power
 y - a ring of magical power
 C - a +4 ring of evasion (right hand)
 D - a +4 ring of evasion
 H - a ring of fire
 W - a ring of protection from fire (left hand)
Wands
 b - a wand of flame (71)
 t - a wand of acid (29)
 u - a wand of iceblast (24)
 F - a wand of paralysis (9)
 S - a wand of digging (7)
Scrolls
 h - 7 scrolls of immolation
 j - 5 scrolls of teleportation
 k - 2 scrolls of fear
 n - 3 scrolls of noise
 p - 4 scrolls of vulnerability {unknown}
 v - 2 scrolls of summoning
 w - a scroll of torment
 x - 2 scrolls of blinking
 G - a scroll of fog
 K - a scroll of enchant armour
 L - 2 scrolls of magic mapping
 M - a scroll of silence
 V - a scroll of amnesia
 Y - 4 scrolls of poison
Potions
 c - 5 potions of magic
 d - 4 potions of heal wounds
 g - 3 potions of brilliance {unknown}
 i - 5 potions of curing
 s - a potion of degeneration {unknown}
 z - 2 potions of invisibility
 A - 7 potions of lignification
 B - 5 potions of resistance
 E - 3 potions of haste
 J - 2 potions of cancellation
 O - a potion of flight {unknown}
 P - a potion of might
 Q - 3 potions of attraction
 T - a potion of mutation {unknown}


   Skills:
 + Level 15.8 Fighting
 - Level 16.0 Maces & Flails
 - Level 3.2 Armour
 - Level 3.2 Shields
 + Level 6.1 Spellcasting
 * Level 11.5 Summonings
 * Level 6.2 Translocations


You had 13 spell levels left.
You knew the following spells:

 Your Spells              Type           Power      Damage    Failure   Level
a - Summon Cactus Giant   Summ           19%        N/A       58%         6
b - Blink                 Tloc           46%        N/A       6%          2
c - Summon Forest         Summ/Tloc      15%        N/A       36%         5

Your spell library contained the following spells:

 Spells                   Type           Power      Damage    Failure   Level
 Lesser Beckoning         Tloc           23%        N/A       12%         3
 Sandblast                Erth           8%         2d5       47%         1
 Passwall                 Tmut/Erth      3%         N/A       63%         2
 Poisonous Vapours        Pois/Air       8%         N/A       63%         2
 Scorch                   Fire           8%         2d5       63%         2
 Static Discharge         Conj/Air       4%         3-4/arc   63%         2
 Wereblood                Tmut           4%         N/A       63%         2
 Manifold Assault         Tloc           23%        N/A       75%         5
 Summon Mana Viper        Hex/Summ       21%        N/A       80%         5
 Iskenderun's Mystic Bla  Conj/Tloc      13%        2d5       83%         4
 Ignite Poison            Fire/Tmut/Pois 4%         N/A       85%         3
 Mephitic Cloud           Conj/Pois/Air  4%         N/A       85%         3
 Stone Arrow              Conj/Erth      8%         3d7       85%         3
 Dispel Undead            Necr           4%         3d7       99%         4
 Flame Wave               Conj/Fire      4%         2d5       99%         4
 Fulminant Prism          Conj/Hex       2%         3d6       99%         4
 Olgreb's Toxic Radiance  Pois           4%         N/A       99%         4
 Petrify                  Tmut/Erth      4%         N/A       99%         4
 Sticky Flame             Conj/Fire      4%         2d3       99%         4
 Summon Hydra             Summ           19%        N/A       99%         7
 Fireball                 Conj/Fire      2%         3d4       100%        5
 Freezing Cloud           Conj/Ice/Air   2%         6-21      100%        5
 Irradiate                Conj/Tmut      2%         3d12      100%        5
 Iskenderun's Battlesphe  Conj           4%         2d6       100%        5
 Lee's Rapid Deconstruct  Erth           2%         3d5*      100%        5
 Conjure Ball Lightning   Conj/Air       2%         3x3d6     100%        6
 Starburst                Conj/Fire      2%         6d3       100%        6
 Orb of Destruction       Conj           2%         9d5       100%        7
 Ozocubu's Refrigeration  Ice            2%         4d7       100%        7
 Ignition                 Fire           2%         3d3       100%        8
 Sublimation of Blood     Necr           Unusable   N/A       N/A         2
 Corpse Rot               Necr/Pois/Air  Unusable   N/A       N/A         4

Dungeon Overview and Level Annotations

Branches:
Dungeon (14/15)            Temple (1/1) D:7            Lair (4/5) D:9
  Swamp (0/4) Lair:2       Spider (0/4) Lair:3          Orc (2/2) D:9
    Elf (0/3) Orc:2
  Slime: Lair:4-5    Vaults: D:13-14

Altars:
Cheibriados
Dithmenos
Elyvilon
Gozag
Kikubaaqudgha
Makhleb
Nemelex Xobeh
Okawaru
Qazlal
Ru
Sif Muna
Vehumet
Wu Jian
Xom
Zin

Shops:
D:2 [:   D:8 :   Orc:2 *[*[=?   Lair:2 :

Portals:
Gauntlet: D:14

Annotations:
D:7 exclusion: 2 downstairs
D:8 exclusion: downstairs
D:10 2 transporters
D:11 1 exclusion
D:13 exclusion: statue
Lair:2 exclusion: downstairs
Lair:3 exclusion: downstairs
Orc:1 exclusion: downstairs


Innate Abilities, Weirdness & Mutations

You are immune to sickness and miasma.
Your stone body is resilient. (AC +11)
You are immune to poison.
Your large and strong wings let you fly.
You resist negative energy. (rN+)
You are resistant to electric shocks. (rElec)
You are resistant to unholy torment.
You are immune to petrification.


Message History

The eight-headed hydra bites you but does no damage.
You bludgeon the eight-headed hydra!! You burn the eight-headed hydra.
The eight-headed hydra is almost dead.
The eight-headed hydra bites you but does no damage.
The eight-headed hydra bites you. x2
The eight-headed hydra bites you but does no damage.
The eight-headed hydra bites you.
* * * LOW HITPOINT WARNING * * *
The eight-headed hydra bites you but does no damage.
The eight-headed hydra bites you!
* * * LOW HITPOINT WARNING * * *
The eight-headed hydra bites you but does no damage.
You bludgeon the eight-headed hydra!! You burn the eight-headed hydra.
You kill the eight-headed hydra!
The deep elf pyromancer hits you but does no damage.
You see here 30 gold pieces.
You hit the deep elf pyromancer but do no damage.
The deep elf pyromancer hits you but does no damage.
A cyclops comes into view.
You thump the deep elf pyromancer! You burn the deep elf pyromancer.
The deep elf pyromancer is moderately wounded.
An ettin comes into view. It is wielding two +0 dire flails.
The deep elf pyromancer hits you but does no damage.
You sock the deep elf pyromancer! You burn the deep elf pyromancer.
The deep elf pyromancer is severely wounded.
The deep elf pyromancer is distracted by your dazzling golden aura.
The deep elf pyromancer shouts!
You puncture the deep elf pyromancer! You burn the deep elf pyromancer.
You kill the deep elf pyromancer!
The ettin barely misses you.
The ettin hits you with a +0 dire flail!
* * * LOW HITPOINT WARNING * * *
The ettin attacks as you move away!
The ettin hits you with a +0 dire flail!!
* * * LOW HITPOINT WARNING * * *
You block the ettin's attack. The ettin attacks as you move away!
The ettin barely misses you.
The ettin hits you with a +0 dire flail!!!
You die...
Your body crumbles into a pile of gold.

.# C# .# .# .## ##.##
# .. #$$.# ## ...
###C##..#
.#####..##..###.@.# .#
..#....# #......## .#
#...# ########..)## #
...## #...# #.#..##
.#..# ##...# ##.##..##
.##.###....###..###.<#
...............## ##.#
###...##.......# #.##
# #...#####..(.# #..#


You could see an ettin.

Vanquished Creatures
  Gastronok (Lair:1)
  3 tentacled starspawn (Abyss:1)
  An orc warlord (Orc:1)
  Snorg (D:10)
  2 catoblepae
  Erolcha (D:12)
  2 centaur warriors
  A boulder beetle (D:12)
  5 hydras
  Erica (Lair:2)
  A two-headed ogre (D:9)
  9 death yaks
  A thrashing horror (Abyss:1)
  Sonja (D:13)
  A wretched star (Abyss:1)
  3 starcursed masses (Abyss:1)
  2 deep elf pyromancers (D:14)
  3 orc knights (Orc:2)
  2 necromancers (Orc:1)
  A manticore (D:13)
  2 orc sorcerers (Orc:1)
  4 cyclopes
  12 elephants
  Maurice (D:8)
  A black mamba (Lair:4)
  A smoke demon (Abyss:1)
  A torpor snail (Lair:3)
  An apocalypse crab (Abyss:1)
  12 cane toads
  4 komodo dragons
  2 rime drakes
  An ancient zyme (Abyss:1)
  2 polar bears
  5 trolls
  8 blink frogs (Lair:4)
  A dream sheep (Lair:3)
  9 slime creatures
  An ettin zombie (Orc:1)
  2 raiju (Abyss:1)
  Sigmund (D:3)
  2 ynoxinuls (Abyss:1)
  A vampire (D:12)
  3 wraiths
  3 wyverns
  4 culicivoras
  A shadow (D:12)
  An orc simulacrum (Orc:1)
  14 yaks
  Grum (D:8)
  2 large abominations (Abyss:1)
  8 basilisks
  The ghost of NimIero the Trooper, an amateur BaFi of Cheibriados (D:3)
  4 steam dragons
  7 vampire mosquitoes
  3 wargs (Orc:1)
  2 acid dragons
  Duvessa (D:5)
  10 water moccasins
  2 ice beasts (D:6)
  41 orc warriors
  21 centaurs
  6 ogres
  6 wolves (Lair:2)
  A kobold brigand (D:8)
  16 bullfrogs
  2 gnoll sergeants (D:8)
  2 small abominations (Abyss:1)
  3 scorpions
  13 wights
  2 cyclops skeletons (Orc:1)
  Dowan (D:5)
  10 killer bees
  3 howler monkeys (D:9)
  An electric eel (Lair:2)
  2 vampire bats
  7 orc priests
  12 hounds
  5 gnoll boudas
  An iron imp (Abyss:1)
  3 iguanas (D:7)
  25 orc wizards
  4 hell rats (Lair:2)
  11 gnolls
  9 adders
  An ogre simulacrum (Orc:1)
  2 orc skeletons (Orc:1)
  2 shadow imps
  4 white imps
  An ufetubus (Abyss:1)
  3 orc zombies (Orc:1)
  4 worms
  6 dart slugs
  56 orcs
  9 ball pythons
  2 bat skeletons (D:9)
  3 bat zombies (D:9)
  12 endoplasms
  3 giant cockroaches (D:1)
  3 goblins
  8 hobgoblins
  6 jackals
  2 quokkas
  13 bats
  3 frilled lizards
  7 kobolds
  6 rats
546 creatures vanquished.

Vanquished Creatures (others)
  A human (D:14)
  A golden eye (Abyss:1)
  An orc wizard (Orc:1)
  2 orcs
  4 foxfires (Abyss:1)
  23 fungi
  15 plants
  14 starspawn tentacles (Abyss:1)
61 creatures vanquished.

Grand Total: 607 creatures vanquished

Notes
Turn   | Place    | Note
-------+----------+-------------------------------------------
     0 | D:1      | nightchill the Gargoyle Fighter began the quest for the
                  | Orb.
     0 | D:1      | Reached XP level 1. HP: 14/14 MP: 1/1
   125 | D:1      | Reached XP level 2. HP: 19/19 MP: 2/2
   692 | D:1      | Reached skill level 3 in Maces & Flails
   710 | D:1      | Reached XP level 3. HP: 17/24 MP: 3/3
  1278 | D:2      | You fall into a shaft and drop 1 floor!
  1760 | D:2      | Found Ristrem's Book Shop.
  1772 | D:2      | Found a white marble altar of Elyvilon.
  1879 | D:2      | Reached XP level 4. HP: 29/29 MP: 4/4
  1916 | D:2      | Became a worshipper of Elyvilon the Healer
  2231 | D:2      | Found Udizur's Antique Armour Emporium.
  2859 | D:3      | Noticed Sigmund
  2887 | D:3      | Killed Sigmund
  2888 | D:3      | Reached skill level 5 in Maces & Flails
  2888 | D:3      | Reached XP level 5. HP: 30/34 MP: 5/5
  2888 | D:3      | Reached XP level 6. HP: 35/40 MP: 6/6
  2990 | D:3      | Found a faded altar of an unknown god.
  3071 | D:3      | Reached skill level 5 in Fighting
  3210 | D:3      | Found a runed translucent gate.
  3210 | D:3      | Found a runed translucent gate.
  3210 | D:3      | Found a runed translucent gate.
  3288 | D:3      | Found an opulent altar of Gozag.
  3288 | D:3      | Noticed NimIero's ghost (amateur BaFi)
  3562 | D:3      | Killed NimIero's ghost
  3563 | D:3      | Reached skill level 6 in Maces & Flails
  3568 | D:3      | HP: 2/40 [ogre/+0 giant spiked club (13)]
  3570 | D:3      | Reached XP level 7. HP: 3/45 MP: 7/7
  3587 | D:3      | Fell from the grace of Elyvilon
  3587 | D:3      | Became a worshipper of Gozag Ym Sagoz the Greedy
  4177 | D:4      | Found an iron altar of Okawaru.
  4791 | D:5      | Entered Level 5 of the Dungeon
  4829 | D:5      | Reached skill level 7 in Maces & Flails
  5313 | D:5      | Reached XP level 8. HP: 25/52 MP: 8/8
  5528 | D:5      | Noticed Duvessa
  5528 | D:5      | Noticed Dowan
  5533 | D:5      | Killed Duvessa
  5536 | D:5      | Killed Dowan
  5637 | D:5      | Found an ornate altar of the Wu Jian Council.
  5859 | D:6      | Reached skill level 8 in Maces & Flails
  6785 | D:6      | Reached skill level 9 in Maces & Flails
  6810 | D:6      | Reached XP level 9. HP: 41/58 MP: 9/9
  7633 | D:7      | Reached skill level 10 in Maces & Flails
  8796 | D:7      | Reached skill level 11 in Maces & Flails
  9116 | D:7      | Found a staircase to the Ecumenical Temple.
  9122 | Temple   | Entered the Ecumenical Temple
  9594 | D:7      | Found a shimmering blue altar of Sif Muna.
  9650 | D:8      | Noticed Maurice
  9883 | D:7      | Reached XP level 10. HP: 29/66 MP: 10/10
 10449 | D:8      | Reached skill level 12 in Maces & Flails
 10490 | D:8      | Killed Maurice
 10580 | D:7      | Reached skill level 10 in Fighting
 10847 | D:8      | Found Kuash's Book Shoppe.
 11535 | D:8      | Noticed Grum
 11546 | D:8      | Killed Grum
 11874 | D:9      | Noticed a two-headed ogre
 11875 | D:9      | Reached skill level 13 in Maces & Flails
 11969 | D:9      | Found a snail-covered altar of Cheibriados.
 12036 | D:9      | Killed a two-headed ogre
 12179 | D:9      | Found a glowing silver altar of Zin.
 12231 | D:9      | Reached XP level 11. HP: 53/73 MP: 11/11
 12680 | D:9      | Found an ancient bone altar of Kikubaaqudgha.
 12807 | D:9      | Found a staircase to the Lair.
 12868 | D:9      | Reached skill level 14 in Maces & Flails
 12960 | D:8      | Bought a book of the Wilderness for 494 gold pieces
 12967 | D:8      | Learned a level 6 spell: Summon Cactus Giant
 13095 | D:9      | Found a sacrificial altar of Ru.
 13144 | D:9      | Found a staircase to the Orcish Mines.
 13179 | Lair:1   | Entered Level 1 of the Lair of Beasts
 13555 | Lair:1   | Identified the +5 whip of Buig Zaoj {spect, Drain rF+
                  | rCorr}
 13643 | Lair:1   | Noticed a catoblepas
 13681 | Lair:1   | Killed a catoblepas
 14303 | Lair:1   | Noticed Gastronok
 14318 | Lair:1   | Killed Gastronok
 14586 | Lair:2   | Noticed Erica
 14619 | Lair:2   | Killed Erica
 14766 | Lair:2   | Reached skill level 15 in Maces & Flails
 14965 | Lair:2   | Found a staircase to the Swamp.
 15070 | Lair:2   | Reached XP level 12. HP: 45/82 MP: 12/12
 17120 | Lair:3   | Noticed a catoblepas
 17150 | Lair:3   | Reached skill level 16 in Maces & Flails
 17155 | Lair:3   | Killed a catoblepas
 17156 | Lair:3   | Reached skill level 1 in Summonings
 17640 | Lair:3   | Noticed a death yak
 17640 | Lair:3   | Noticed a death yak
 18148 | Lair:2   | Killed a death yak
 18417 | Lair:3   | Noticed a death yak
 18417 | Lair:3   | Noticed a death yak
 18421 | Lair:3   | Noticed a death yak
 18513 | Lair:3   | Noticed a death yak
 18515 | Lair:3   | Noticed a death yak
 18715 | Lair:2   | Killed a death yak
 18960 | D:10     | Entered Level 10 of the Dungeon
 19078 | D:10     | Found a shimmering altar of Xom.
 19291 | D:10     | Noticed Snorg
 19312 | D:10     | Killed Snorg
 19498 | D:10     | Found a transporter.
 19520 | D:10     | Found a shadowy altar of Dithmenos.
 19555 | D:10     | Found a transporter.
 19748 | D:10     | Reached skill level 5 in Summonings
 19904 | D:10     | Found an opulent altar of Gozag.
 19942 | D:10     | Found a sparkling altar of Nemelex Xobeh.
 20344 | Lair:3   | Noticed a seven-headed hydra
 20354 | Lair:3   | Killed a seven-headed hydra
 21256 | Lair:2   | Reached XP level 13. HP: 64/89 MP: 13/13
 22497 | Lair:3   | Found a hole to the Spider Nest.
 22501 | Lair:3   | Identified the +1 robe of Lugonu's Grace {rElec rN+ Str-5}
 23420 | Orc:1    | Entered Level 1 of the Orcish Mines
 23451 | Orc:1    | Reached skill level 1 in Spellcasting
 24855 | Orc:1    | Noticed an orc warlord
 25055 | Orc:1    | Killed an orc warlord
 25830 | Orc:2    | Entered Level 2 of the Orcish Mines
 26880 | Orc:2    | Identified the +6 dagger of the Pharaoh's Fist {elec, rElec
                  | Str+4}
 28073 | Orc:2    | Found a staircase to the Elven Halls.
 29665 | Orc:2    | Found Econkyte's Armour Boutique.
 29665 | Orc:2    | Found Biot's General Store.
 29667 | Orc:2    | Found Jyihom's Armour Shoppe.
 29669 | Orc:2    | Found Romaut's Assorted Antiques.
 29790 | Orc:2    | Found Ditzuvuw's Magic Scroll Shop.
 31483 | Lair:4   | Reached skill level 15 in Fighting
 31671 | Lair:4   | Learned a level 2 spell: Blink
 31677 | Lair:4   | Learned a level 5 spell: Summon Forest
 31772 | Lair:4   | Gained mutation: Your large and strong wings let you fly.
                  | [Gargoyle growth]
 31772 | Lair:4   | Reached XP level 14. HP: 92/98 MP: 20/20
 31861 | Lair:4   | Reached skill level 1 in Translocations
 32235 | Lair:4   | Reached skill level 10 in Summonings
 34088 | D:12     | Noticed Erolcha
 34108 | Abyss:1  | Cast into level 1 of the Abyss (Erolcha)
 34342 | Abyss:1  | Noticed a starcursed mass
 34349 | Abyss:1  | Reached skill level 5 in Spellcasting
 34445 | Abyss:1  | Found a corrupted altar of Lugonu.
 34515 | Abyss:1  | Noticed a tentacled starspawn
 34530 | Abyss:1  | Killed a tentacled starspawn
 34983 | Abyss:1  | Noticed a tentacled starspawn
 35025 | Abyss:1  | Noticed a tentacled starspawn
 35043 | Abyss:1  | Killed a tentacled starspawn
 35052 | Abyss:1  | Killed a tentacled starspawn
 35254 | D:12     | Escaped the Abyss
 35258 | D:12     | Killed Erolcha
 35518 | D:12     | Reached skill level 5 in Translocations
 36789 | D:13     | Noticed Sonja
 36810 | D:13     | Killed Sonja
 37492 | D:13     | Reached XP level 15. HP: 101/104 MP: 23/23
 37956 | D:13     | Found a radiant altar of Vehumet.
 38323 | D:14     | Found a gate leading to a gauntlet.
 38674 | D:14     | HP: 4/104 [ettin/+0 dire flail (31)]
 38676 | D:14     | Annihilated by an ettin

Illustrated notes

Levels and vault maps discovered:
D:1:      dpeg_arrival_houses_and_road, layout_basic
D:2:      minmay_evil_eye, layout_loops_ring, basic_altar, serial_shops,
          nicolae_shop_statue_plus, nicolae_lakefront_shop, hex_tiny,
          minmay_quantized
D:3:      layout_loops_cross, shapermc_ecumenical_altar_ellora,
          ebering_ghost_gozag, uniq_sigmund
D:4:      layout_loops_cross, okawaru_gym_becter
D:5:      layout_loops_ring, nzn_wu_jian_contemplation, uniq_duvessa
D:6:      layout_basic
D:7:      layout_cave_pods, led_sif_pool, minmay_temple_entry_crystal_x,
          grunt_tough_drop
D:8:      layout_cave_pools, serial_gnoll_camp, grums_kennel,
          gnoll_camp_mini_basic, gnoll_camp_mini_hut, gnoll_camp_medium_01,
          gnoll_camp_mini_shop, hangedman_abyss_or_decor_stagger, uniq_maurice,
          uniq_grum
D:9:      layout_basic, nicolae_ru_the_path_less_chosen,
          overflow_temple_1_default, lemuel_crystal_altar,
          kennysheep_vampire_church, david_lair_generic
D:10:     gammafunk_worm_tunnel, layout_gridville, nicolae_gozag_seed_capital,
          nicolae_dithmenos_the_darkroom, mainiacjoe_overflow_surrounded_room,
          mainiacjoe_overflow_six_doors_small, enter_bailey_2,
          serial_bayou_pond_c, dk_noncrumbling_4, uniq_snorg
D:11:     cheibrodos_steamvent, layout_basic, serial_park_tiny_2
D:12:     layout_small_grid, uniq_erolcha
D:13:     layout_basic, vehumet_statue, uniq_sonja
D:14:     layout_rooms, ximxim_vaults_locker_room, gauntlet_entry_generic,
          minmay_diamond_spiral, uniq_agnes
Temple:   chequers_temple_sunken
Lair:1:   layout_concentric_octagons, uniq_gastronok
Lair:2:   layout_gridlike, minmay_swamp_entry_swarm, uniq_erica
Lair:3:   layout_gridlike, hellmonk_spider_entry_life_and_decay,
          beast_lair_carwin_9
Lair:4:   layout_regular_city, minivault_24
Orc:1:    dreamdust_under_siege, layout_caves, basic_altar,
          nicolae_orc_damp_corner
Orc:2:    st_orc_rangers, layout_caves, serial_shops, shop_fountains,
          nicolae_orc_sculptors_studio, roderic_batcave

Skill      XL: |  1  2  3  4  5  6  7  8  9 10 11 12 13 14 15 |
---------------+----------------------------------------------+-----
Maces & Flails | 3 5 6 7 9 11 13 15 16 | 16.0
Fighting       | 4 5 6 7 9 10 12 13 15 | 15.8
Summonings     | 6 9 11 | 11.5
Spellcasting   | 4 5 6 |  6.1
Translocations | 5 6 |  6.2
Armour         | |  3.2
Shields        | |  3.2

Action                   |  1- 3 |  4- 6 |  7- 9 | 10-12 | 13-15 || total
-------------------------+-------+-------+-------+-------+-------++-------
Melee: Flail             |   140 |   144 |   495 |   997 |   376 ||  2152
       Morningstar       |       |       |       |       |   722 ||   722
Throw: Throwing net      |       |       |       |     1 |       ||     1
 Cast: Summon Forest     |       |       |       |       |     5 ||     5
Invok: Potion Petition   |       |       |       |     3 |     5 ||     8
       Call Merchant     |       |       |       |     1 |     1 ||     2
Evoke: Wand              |       |       |       |     5 |     1 ||     6
  Use: Potion            |       |     3 |     3 |    10 |     8 ||    24
       Scroll            |       |       |       |    15 |    25 ||    40
 Stab: Paralysed         |       |       |       |     1 |       ||     1
       Distracted        |       |       |       |     4 |     6 ||    10
       Petrified         |       |       |       |     4 |       ||     4
       Invisible         |       |       |       |     2 |       ||     2
Armor: Scale mail        |    53 |       |       |       |       ||    53
       Chain mail        |    45 |   101 |   319 |   495 |       ||   960
       Leather armour    |       |       |       |     7 |   537 ||   544
Dodge: Dodged            |    69 |    50 |   257 |   395 |   707 ||  1478
Block: Buckler           |    35 |    31 |    78 |    51 |       ||   195
       Kite shield       |       |       |       |   192 |   498 ||   690
